 Dungeon Crawl Stone Soup version 0.20.1-1-g8b1a95d (webtiles) character file.

23472 Gaplan the Severer (level 12, -10/112 HPs)
             Began as a Minotaur Berserker on July 17, 2017.
             Was a High Priest of Trog.
             Mangled by an orc knight
             ... wielding a +0 war axe
              (23 damage)
             ... on level 1 of the Orcish Mines.
             The game lasted 00:41:18 (12931 turns).

Gaplan the Severer (Minotaur Berserker)            Turns: 12931, Time: 00:41:19

Health: -10/112    AC: 21    Str: 26    XL:     12   Next: 72%
Magic:  11/11      EV: 15    Int:  4    God:    Trog [*****.]
Gold:   957        SH:  0    Dex: 11    Spells: 11/11 levels left

rFire    . . .     SeeInvis .   Q - +4 battleaxe
rCold    . . .     Gourm    .   (shield currently unavailable)
rNeg     . . .     Faith    .   t - +3 ring mail
rPois    .         Spirit   .   (helmet restricted)
rElec    .         Reflect  .   u - +0 cloak
rCorr    .         Harm     .   d - +2 pair of gloves
MR       .....                  (no boots)
Stlth    +.........             (no amulet)
Regen    0.3/turn               R - +2 ring of protection
MPRegen  0.2/turn               E - +4 ring of protection

@: berserk cooldown, very slightly contaminated, slowed, very slow
A: retaliatory headbutt, horns 2
a: Berserk, Trog's Hand, Brothers in Arms, Burn Spellbooks, Renounce Religion


You were on level 1 of the Orcish Mines.
You worshipped Trog.
Trog was extremely pleased with you.
You were very hungry.

You visited 2 branches of the dungeon, and saw 13 of its levels.
You also visited: Sewer and Ossuary.

You collected 1264 gold pieces.
You spent 307 gold pieces at shops.

Inventory:

Hand Weapons
 a - a +0 hand axe
 m - a +6 battleaxe of freezing
 C - a +0 war axe
 G - a +0 hand axe of electrocution
 Q - a +4 battleaxe (weapon)
 Z - a +6 antimagic executioner's axe
Armour
 d - a +2 pair of gloves (worn)
 t - a +3 ring mail (worn)
 u - a +0 cloak (worn)
 B - a scarf of cloud immunity
 I - a +0 scale mail of positive energy
Jewellery
 w - an uncursed ring of see invisible
 E - a +4 ring of protection (right hand)
 F - an uncursed amulet of harm
 N - an uncursed ring of positive energy
 O - an uncursed ring of protection from cold {unknown}
 P - a cursed ring of loudness
 R - a +2 ring of protection (left hand)
 X - an uncursed ring of protection from magic
Wands
 L - a wand of lightning (2/15)
Scrolls
 e - 9 scrolls of remove curse
 i - 2 scrolls of recharging
 j - 2 scrolls of identify
 l - a scroll of immolation {unknown}
 n - a scroll of magic mapping
 q - 2 scrolls of blinking
 s - 7 scrolls of teleportation
 y - 4 scrolls of amnesia
 A - a scroll of fog
 D - a scroll of random uselessness {unknown}
 H - 3 scrolls of enchant armour
 J - a scroll of summoning {unknown}
 K - a scroll of enchant weapon {unknown}
 Y - a scroll of vulnerability {unknown}
Potions
 b - 2 potions of magic {unknown}
 g - 2 potions of cancellation {unknown}
 h - 4 potions of agility {unknown}
 o - a potion of might {unknown}
 p - 7 potions of curing
 r - 2 potions of berserk rage
 v - 6 potions of heal wounds
 x - 2 potions of resistance
 z - 3 potions of mutation {unknown}
 M - 2 potions of invisibility {unknown}
 W - 2 potions of haste
Miscellaneous
 V - 2 sacks of spiders
Comestibles
 c - 9 bread rations
 f - 6 meat rations
 k - 13 fruits
 S - 12 chunks of flesh


   Skills:
 + Level 12.0 Fighting
 * Level 17.7 Axes
 + Level 10.0 Armour
 + Level 8.8 Dodging


You had 11 spell levels left.
You didn't know any spells.

Dungeon Overview and Level Annotations

Branches:
Dungeon (11/15)            Temple (0/1) D:6            Lair (0/6) D:9
    Orc (2/2) D:11
    Elf: Orc:2

Altars:
Ashenzari
Cheibriados
Gozag
Nemelex Xobeh
Ru
Sif Muna
Trog
Xom
Yredelemnul

Shops:
D:5 ?   D:8 (:*!   D:10 [


Innate Abilities, Weirdness & Mutations

You reflexively headbutt those who attack you in melee.
You have a pair of horns on your head.


Message History

The orc knight roars a battlecry!
The orc knight goes into a battle-frenzy!
The orc knight no longer looks unusually strong.
The soul eater draws from the surrounding life force!
* * * LOW HITPOINT WARNING * * *
The orc knight roars a battlecry!
The orcs go into a battle-frenzy!
The orc high priest utters an invocation to Beogh.
There is a stone staircase leading up here.
The orc knight no longer looks unusually strong.
The orc knight roars a battlecry!
The orc knight goes into a battle-frenzy!
The orc knight hits you with a war axe!
* * * LOW HITPOINT WARNING * * *
You climb upwards.
There is a stone staircase leading down here.
You slice the orc knight!!
The orc knight is moderately wounded.
The orc knight hits you with a war axe!!
You die...

##.......##....
#........###...
#.........#....
#####.......##....
###..###.##[).......
#.#...#####.........
###.#....## #.........
#.##......###.........
##....@.....#.........)
##......o..............)
###.......................
#......##.............##..
##.....#####.......######.
#......# ###........####..
##.....###.#........##....
##......#..........##....
###....#................


You could see an orc knight.

Vanquished Creatures
  A rakshasa (D:11)
  A two-headed ogre (D:11)
  Erica (D:8)
  Urug (D:11)
  2 unseen horrors (D:11)
  3 orc knights (Orc:2)
  2 ugly things (D:11)
  A cyclops (D:11)
  2 gargoyles (D:11)
  2 centaur skeletons
  9 trolls
  A meliai (D:11)
  A wolf spider simulacrum (D:11)
  3 hippogriffs
  4 hornets
  Sigmund (D:4)
  3 hungry ghosts
  10 yaks (D:11)
  Eustachio (D:5)
  The ghost of GrafXP the Covered, an amateur HaFi (D:3)
  5 wargs
  Menkaure (D:6)
  4 acid dragons (D:11)
  Duvessa (D:4)
  4 sky beasts
  26 orc warriors
  2 necrophages
  2 ice beasts (D:11)
  3 black bears
  2 phantoms
  9 ogres
  5 centaurs
  A big kobold (D:11)
  Blork the orc (D:6)
  4 elf zombies (Ossuary)
  10 bullfrogs
  A gnoll sergeant (D:9)
  Dowan (D:4)
  6 scorpions
  6 killer bees
  12 howler monkeys
  The ghost of Gaplan the Sneak, a weakling KoAs (D:5)
  A bullfrog zombie (D:11)
  11 crimson imps
  3 centaur zombies (Ossuary)
  5 human zombies (Ossuary)
  2 bullfrog skeletons
  2 hounds
  4 jellies
  19 orc wizards
  22 orc priests
  4 iguanas
  6 worker ants
  3 mummies (Ossuary)
  A hound skeleton (D:6)
  2 hound zombies
  15 adders
  4 gnolls (D:9)
  3 shadow imps
  An ooze (D:6)
  2 adder skeletons
  An adder zombie (D:7)
  A dart slug (D:1)
  7 leopard geckos
  80 orcs
  4 giant cockroaches
  4 goblins
  4 hobgoblins
  8 jackals
  5 quokkas
  6 ball pythons
  2 bats
  7 frilled lizards
  A jackal skeleton (D:5)
  9 kobolds
  3 rats
409 creatures vanquished.

Vanquished Creatures (others)
  An orc warrior (D:6)
  A gnoll sergeant (D:6)
  A howler monkey (D:6)
  A hound (D:6)
  A worker ant (D:6)
5 creatures vanquished.

Grand Total: 414 creatures vanquished

Notes
Turn   | Place    | Note
-------+----------+-------------------------------------------
     0 | D:1      | Gaplan the Minotaur Berserker began the quest for the Orb.
     0 | D:1      | Reached XP level 1. HP: 19/19 MP: 0/0
   174 | D:1      | Reached XP level 2. HP: 26/27 MP: 1/1
   391 | D:2      | Reached skill level 4 in Axes
   728 | D:2      | Reached XP level 3. HP: 32/33 MP: 2/2
   880 | D:2      | Found a snail-covered altar of Cheibriados.
  1180 | D:3      | Found a basalt altar of Yredelemnul.
  1367 | D:3      | Found a glowing drain.
  1416 | Sewer    | Entered a sewer
  1425 | Sewer    | Reached ** piety under Trog
  1436 | Sewer    | Reached XP level 4. HP: 33/41 MP: 3/3
  1554 | Sewer    | Reached skill level 5 in Axes
  1616 | Sewer    | Noticed a bullfrog
  1624 | Sewer    | Killed a bullfrog
  1624 | Sewer    | Reached skill level 5 in Fighting
  1624 | Sewer    | Reached XP level 5. HP: 45/48 MP: 4/4
  1647 | Sewer    | Reached skill level 6 in Axes
  2017 | D:3      | Noticed GrafXP's ghost (amateur HaFi)
  2027 | D:3      | Killed GrafXP's ghost
  2027 | D:3      | Reached XP level 6. HP: 40/56 MP: 5/5
  2410 | D:4      | Found a basalt altar of Yredelemnul.
  2410 | D:4      | Noticed a sky beast
  2416 | D:4      | Killed a sky beast
  2416 | D:4      | Reached skill level 7 in Axes
  2552 | D:4      | Reached XP level 7. HP: 62/62 MP: 6/6
  2568 | D:4      | Reached *** piety under Trog
  2648 | D:4      | Noticed Duvessa
  2648 | D:4      | Noticed Dowan
  2655 | D:4      | Killed Duvessa
  2655 | D:4      | Reached skill level 8 in Axes
  2657 | D:4      | Killed Dowan
  2695 | D:4      | Noticed Sigmund
  2713 | D:4      | Killed Sigmund
  2713 | D:4      | Reached skill level 9 in Axes
  2928 | D:4      | Found a shattered altar of Ashenzari.
  2929 | D:4      | Found a bloodstained altar of Trog.
  2929 | D:4      | Found a deep blue altar of Sif Muna.
  2930 | D:4      | Found a sparkling altar of Nemelex Xobeh.
  3228 | D:4      | Reached XP level 8. HP: 52/71 MP: 7/7
  3462 | D:5      | Entered Level 5 of the Dungeon
  3563 | D:5      | Noticed Gaplan's ghost (weakling KoAs)
  3580 | D:5      | Killed Gaplan's ghost
  4001 | D:5      | Noticed Eustachio
  4025 | D:5      | Killed Eustachio
  4025 | D:5      | Reached skill level 10 in Axes
  4367 | D:5      | Found Amniumul's Magic Scroll Shop.
  4370 | D:5      | Bought a scroll of teleportation for 36 gold pieces
  4370 | D:5      | Bought a scroll of blinking for 90 gold pieces
  4370 | D:5      | Bought a scroll of teleportation for 36 gold pieces
  4370 | D:5      | Bought a scroll of identify for 24 gold pieces
  4400 | D:6      | Reached skill level 5 in Dodging
  4421 | D:6      | Found a staircase to the Ecumenical Temple.
  4574 | D:6      | Noticed Blork the orc
  4580 | D:6      | Killed Blork the orc
  4580 | D:6      | Reached **** piety under Trog
  4585 | D:6      | Reached skill level 11 in Axes
  4640 | D:6      | Found a sand-covered staircase.
  4649 | Ossuary  | Entered an ossuary
  4675 | Ossuary  | Reached XP level 9. HP: 43/79 MP: 8/8
  4940 | Ossuary  | Reached skill level 12 in Axes
  5202 | D:6      | Found a shimmering altar of Xom.
  5224 | D:6      | Noticed Menkaure
  5227 | D:6      | Killed Menkaure
  5974 | D:7      | Found a sacrificial altar of Ru.
  6066 | D:7      | Reached skill level 5 in Armour
  6079 | D:7      | Reached skill level 13 in Axes
  6607 | D:7      | Reached XP level 10. HP: 88/88 MP: 9/9
  6747 | D:7      | Reached ***** piety under Trog
  6966 | D:8      | Found Ixeosi's Distillery.
  6982 | D:8      | Bought a potion of heal wounds for 55 gold pieces
  6982 | D:8      | Bought a potion of lignification for 33 gold pieces
  6982 | D:8      | Bought a potion of curing for 33 gold pieces
  7208 | D:8      | Noticed Erica
  7215 | D:8      | Killed Erica
  7215 | D:8      | Reached skill level 14 in Axes
  7564 | D:8      | Found Yruufino's General Store.
  7789 | D:8      | Found Qaschya's Book Emporium.
  7822 | D:8      | Found Ukeun's Weapon Boutique.
  7839 | D:8      | Found Davin's Book Boutique.
  8353 | D:9      | Found a staircase to the Lair.
  8379 | D:9      | Found an opulent altar of Gozag.
  8381 | D:9      | Received a gift from Trog
  8726 | D:10     | Entered Level 10 of the Dungeon
  8822 | D:10     | Reached XP level 11. HP: 88/97 MP: 10/10
  8932 | D:10     | Reached skill level 15 in Axes
  9240 | D:10     | Found Muasa's Antique Armour Shop.
  9670 | D:11     | Found a staircase to the Orcish Mines.
  9774 | D:11     | Noticed a two-headed ogre
  9775 | D:11     | Noticed a white ugly thing
  9784 | D:11     | Killed a two-headed ogre
  9784 | D:11     | Reached skill level 10 in Fighting
  9788 | D:11     | Killed a white ugly thing
  9848 | D:11     | Noticed a white ugly thing
  9860 | D:11     | Killed a white ugly thing
  9867 | D:11     | Received a gift from Trog
  9902 | D:11     | Noticed an unseen horror
  9904 | D:11     | Killed an unseen horror
  9932 | D:11     | Noticed Urug
  9939 | D:11     | Reached skill level 16 in Axes
  9939 | D:11     | HP: 6/151 [gargoyle/dire flail (7)]
  9946 | D:11     | Killed Urug
 10175 | D:11     | Noticed a rakshasa
 10175 | D:11     | Noticed an unseen horror
 10180 | D:11     | Killed an unseen horror
 10199 | D:11     | Killed a rakshasa
 10199 | D:11     | Reached XP level 12. HP: 33/110 MP: 11/11
 11100 | D:11     | Noticed a two-headed ogre
 11512 | Orc:1    | Entered Level 1 of the Orcish Mines
 12165 | Orc:2    | Entered Level 2 of the Orcish Mines
 12175 | Orc:2    | Reached skill level 17 in Axes
 12622 | Orc:2    | Received a gift from Trog
 12736 | Orc:2    | Reached skill level 10 in Armour
 12911 | Orc:2    | Noticed an orc high priest
 12931 | Orc:1    | Mangled by an orc knight

Skill      XL: |  1  2  3  4  5  6  7  8  9 10 11 12 |
---------------+-------------------------------------+-----
Fighting       | 4 5 6 7 8 9 11 12 | 12.0
Axes           | 4 5 6 7 9 11 13 14 16 17 | 17.7
Dodging        | 3 4 5 6 7 8 |  8.8
Armour         | 3 5 7 9 10 | 10.0

Action                   |  1- 3 |  4- 6 |  7- 9 | 10-12 || total
-------------------------+-------+-------+-------+-------++-------
Melee: Hand axe          |    74 |    72 |   230 |   464 ||   840
       Headbutt          |    11 |    15 |    60 |   123 ||   209
       War axe           |       |       |    90 |    18 ||   108
       Battleaxe         |       |       |       |    92 ||    92
Invok: Berserk           |       |     1 |     4 |     9 ||    14
       Burn Spellbooks   |       |       |       |     2 ||     2
Evoke: Sack of spiders   |       |       |       |     1 ||     1
  Use: Scroll            |     3 |     2 |     3 |    14 ||    22
       Potion            |       |       |     1 |     1 ||     2
 Stab: Sleeping          |       |       |     1 |       ||     1
  Eat: Chunk             |     1 |     2 |    16 |    20 ||    39
       Meat ration       |       |     1 |       |       ||     1
       Fruit             |       |       |       |     1 ||     1
       Bread ration      |       |       |       |     2 ||     2
Armor: Animal skin       |    24 |    18 |    16 |       ||    58
       Ring mail         |       |       |   133 |   227 ||   360
Dodge: Dodged            |    64 |    46 |   217 |   349 ||   676
